 Dungeon Crawl Stone Soup version 0.22.1-6-g1668fe2c40 (webtiles) character file.

3460496 Kagerou the Grand Master (level 27, 613/613 HPs)
             Began as a White Draconian Monk on Jan 18, 2019.
             Was a High Priest of Wu Jian.
             Escaped with the Orb
             ... and 5 runes on Jan 20, 2019!
             The game lasted 05:27:05 (62389 turns).

Kagerou the Grand Master (White Draconian Monk)    Turns: 62389, Time: 05:27:06

Health: 613/613    AC: 23    Str: 30    XL:     27
Magic:  35/38      EV: 18    Int: 19    God:    Wu Jian [*****.]
Gold:   2485       SH:  0    Dex: 20    Spells: 10/48 levels left

rFire    + . .     SeeInvis .     - Unarmed
rCold    + + .     Gourm    .   (shield currently unavailable)
rNeg     . . .     Faith    +   (armour unavailable)
rPois    +         Spirit   .   (helmet currently unavailable)
rElec    +         Reflect  .   (cloak currently unavailable)
rCorr    .         Harm     .   (gloves currently unavailable)
MR       ++++.                  (boots currently unavailable)
Stlth    ..........             C - amulet "Xeny" {Faith rElec rF+}
HPRegen  1.52/turn              K - ring of the Mage {Wiz MR++ Int+3}
MPRegen  0.26/turn              F - ring of protection from fire

@: berserking, dragon-form, flying, deflect missiles, very quick
A: giant, breathe frost, unfitting armour, regeneration 1, AC +13
0: Orb of Zot
}: 5/15 runes: serpentine, barnacled, slimy, silver, abyssal
a: Breathe Frost, End Transformation, Wall Jump, Serpent's Lash, Heavenly Storm,
Renounce Religion


You escaped.
You worshipped Wu Jian.
Wu Jian was extremely pleased with you.
You were not hungry.
You were a fearsome dragon!
You visited 11 branches of the dungeon, and saw 55 of its levels.
You visited the Abyss 1 time.
You visited 1 bazaar.
You also visited: Ice Cave, Volcano and Desolation.

You collected 6942 gold pieces.
You spent 4457 gold pieces at shops.

Inventory:

Hand Weapons
 b - the +7 longbow "Piercer" {penet, EV-2}
   (You found it on level 10 of the Dungeon)

   Ammo fired by it will pass through the targets it hits, potentially hitting
   all targets in its path until it reaches maximum range.
   It affects your evasion (-2).
Missiles
 z - 13 throwing nets (quivered)
 E - 1994 arrows
Armour
 q - a +2 pair of gloves of archery (melded)
 H - a +2 cloak of poison resistance (melded)
 M - a +2 pair of boots of stealth (melded)
 R - the -2 hat of the Alchemist (melded) {rElec rPois rF+ rC+ rN+ MR+ rMut rCorr}
   (You found it on level 5 of the Depths)

   It protects you from fire.
   It protects you from cold.
   It insulates you from electricity.
   It protects you from poison.
   It protects you from negative energy.
   It affects your resistance to hostile enchantments.
   It provides partial protection from all sources of acid and corrosion.
   It protects you from mutation.
Jewellery
 c - an uncursed ring of resist corrosion
 e - a +5 ring of evasion
 f - an uncursed ring of protection from fire
 s - an uncursed amulet of regeneration
 C - the amulet "Xeny" (around neck) {Faith rElec rF+}
   (You found it on level 5 of the Vaults)

   [amulet of faith]

   It allows you to gain divine favour quickly.
   It protects you from fire.
   It insulates you from electricity.
 F - a ring of protection from fire (right foreclaw)
 K - the ring of the Mage (left foreclaw) {Wiz MR++ Int+3}
   (You bought it in a shop on level 15 of the Dungeon)

   [ring of wizardry]

   It improves your spell success rate.
   It affects your intelligence (+3).
   It affects your resistance to hostile enchantments.
 O - the ring "Xumuff" {rPois Int+6 Stlth+}
   (You found it in the Desolation of Salt)

   [ring of stealth]

   It affects your intelligence (+6).
   It protects you from poison.
   It makes you more stealthy.
 U - the ring of Mutualism {rElec rC+ MR+ Str-3 SInv}
   (You took it off a deep elf elementalist on level 5 of the Vaults)

   [ring of protection from cold]

   It affects your strength (-3).
   It protects you from cold.
   It insulates you from electricity.
   It affects your resistance to hostile enchantments.
   It lets you see invisible.
Wands
 r - a wand of acid (39)
 t - a wand of iceblast (67)
 x - a wand of digging (89)
 I - a wand of clouds (20)
 T - a wand of paralysis (53)
 Y - a wand of enslavement (25)
Scrolls
 p - 2 scrolls of blinking
 u - 5 scrolls of fog
 w - 2 scrolls of fear
 B - 21 scrolls of remove curse
 D - 6 scrolls of magic mapping
 G - 4 scrolls of summoning
 J - 17 scrolls of teleportation
 V - 18 scrolls of identify
 W - 6 scrolls of enchant armour
 Z - 7 scrolls of amnesia
Potions
 d - 6 potions of flight
 g - 7 potions of might
 h - 5 potions of mutation
 k - 3 potions of magic
 l - 7 potions of agility
 m - 18 potions of curing
 n - 3 potions of haste
 o - a potion of resistance
 v - 5 potions of ambrosia
 y - 6 potions of cancellation
 L - 12 potions of brilliance
 X - 14 potions of heal wounds
Miscellaneous
 i - a fan of gales
 j - a phial of floods
 A - 3 sacks of spiders
 N - 4 boxes of beasts
 Q - a lamp of fire
Comestibles
 a - 56 rations


   Skills:
 O Level 27 Fighting
 * Level 18.4 Dodging
 - Level 1.7 Stealth
 O Level 27 Unarmed Combat
 - Level 11.0 Spellcasting
 - Level 2.4 Conjurations
 - Level 4.0 Hexes
 - Level 11.1 Charms
 - Level 6.0 Necromancy
 - Level 6.0 Translocations
 - Level 15.2 Transmutations
   Level 4.0 Ice Magic
 - Level 8.4 Air Magic
 - Level 2.4 Poison Magic
 - Level 8.0 Evocations


You had 10 spell levels left.
You knew the following spells:

 Your Spells              Type           Power        Failure   Level  Hunger
a - Apportation           Tloc           ####..       1%          1    None
b - Blink                 Tloc           N/A          1%          2    None
d - Animate Dead          Necr           N/A          2%          4    ##.....
f - Summon Butterflies    Summ           ##......     2%          1    None
h - Blade Hands           Tmut           ######....   1%          5    ####...
o - Mephitic Cloud        Conj/Pois/Air  ####....     1%          3    None
r - Regeneration          Chrm/Necr      #####.....   1%          3    None
A - Animate Skeleton      Necr           N/A          1%          1    None
D - Dragon Form           Tmut           ######....   4%          7    #######
M - Deflect Missiles      Chrm/Air       #####.....   8%          6    ######.
S - Sticks to Snakes      Tmut           ######..     0%          2    None
T - Confusing Touch       Hex            ####..       1%          1    None
W - Passwall              Tmut/Erth      #####...     1%          2    None

Your spell library contained the following spells:

 Spells                   Type           Power        Failure   Level  Hunger
 Beastly Appendage        Tmut           ######       0%          1    None
 Corona                   Hex            ####...      1%          1    None
 Flame Tongue             Conj/Fire      ###..        1%          1    None
 Freeze                   Ice            ####         1%          1    None
 Magic Dart               Conj           ###.         1%          1    None
 Pain                     Necr           ####         1%          1    None
 Shock                    Conj/Air       ####         1%          1    None
 Corpse Rot               Necr           N/A          1%          2    None
 Ensorcelled Hibernation  Hex/Ice        ####..       1%          2    None
 Poisonous Vapours        Pois/Air       ####..       1%          2    None
 Searing Ray              Conj           ###...       1%          2    None
 Shroud of Golubria       Chrm/Tloc      #####.....   1%          2    None
 Slow                     Hex            ####....     1%          2    None
 Sublimation of Blood     Necr           ####......   1%          2    None
 Swiftness                Chrm/Air       #####...     1%          2    None
 Throw Frost              Conj/Ice       ###...       1%          2    None
 Confuse                  Hex            ####....     1%          3    None
 Gell's Gravitas          Tloc           ####......   1%          3    None
 Ignite Poison            Fire/Tmut/Pois ####....     1%          3    None
 Lesser Beckoning         Tloc           ####......   1%          3    None
 Ozocubu's Armour         Chrm/Ice       #####...     1%          3    None
 Portal Projectile        Hex/Tloc       ####..       1%          3    None
 Spider Form              Tmut/Pois      #####.....   1%          3    None
 Static Discharge         Conj/Air       ####....     1%          3    None
 Teleport Other           Tloc           ####....     1%          3    None
 Tukima's Dance           Hex            ####....     1%          3    None
 Vampiric Draining        Necr           ####......   1%          3    None
 Airstrike                Air            #####.....   1%          4    ##.....
 Ice Form                 Ice/Tmut       #####...     1%          4    ##.....
 Petrify                  Tmut/Erth      #####...     1%          4    ##.....
 Alistair's Intoxication  Tmut/Pois      #####...     1%          5    ####...
 Yara's Violent Unravell  Hex/Tmut       #####.....   1%          5    ####...
 Hydra Form               Tmut           ######....   1%          6    ######.
 Summon Small Mammal      Summ           ##..         2%          1    None
 Throw Flame              Conj/Fire      ###...       2%          2    None
 Dazzling Spray           Conj/Hex       ###...       2%          3    None
 Excruciating Wounds      Chrm/Necr      #####.....   2%          5    ####...
 Inner Flame              Hex/Fire       ###.....     3%          3    None
 Summon Guardian Golem    Hex/Summ       ###.....     3%          3    None
 Call Imp                 Summ           ##......     4%          2    None
 Conjure Flame            Conj/Fire      ###.....     4%          3    None
 Stone Arrow              Conj/Erth      ###...       4%          3    None
 Force Lance              Conj/Tloc      ####....     4%          4    ##.....
 Summon Lightning Spire   Summ/Air       ####....     4%          4    ##.....
 Cause Fear               Hex            ####......   5%          4    ##.....
 Agony                    Necr           ####....     6%          5    ####...
 Dispel Undead            Necr           ####....     6%          5    ####...
 Silence                  Hex/Air        ####......   6%          5    ####...
 Fulminant Prism          Conj/Hex       ###.......   8%          4    ##.....
 Throw Icicle             Conj/Ice       ###.....     8%          4    ##.....
 Call Canine Familiar     Summ           ##......     9%          3    None
 Lightning Bolt           Conj/Air       ####......   9%          5    ####...
 Iskenderun's Mystic Bla  Conj           ###.....     10%         4    ##.....
 Leda's Liquefaction      Hex/Erth       ###.......   12%         4    ##.....
 Summon Ice Beast         Ice/Summ       ###.....     12%         4    ##.....
 Bolt of Draining         Conj/Necr      ####......   13%         5    ####...
 Metabolic Englaciation   Hex/Ice        ####......   14%         5    ####...
 Sticky Flame             Conj/Fire      ###.....     16%         4    ##.....
 Statue Form              Tmut/Erth      #####....    17%         6    ######.
 Borgnjor's Vile Clutch   Necr/Erth      ###.......   21%         5    ####...
 Summon Forest            Summ/Tloc      ###.......   21%         5    ####...
 Dispersal                Tloc           ####......   32%         6    ######.
 Conjure Ball Lightning   Conj/Air       ####......   38%         6    ######.
 Fireball                 Conj/Fire      ###.......   41%         5    ####...
 Freezing Cloud           Conj/Ice/Air   ####......   45%         6    ######.
 Simulacrum               Ice/Necr       ####......   45%         6    ######.
 Lee's Rapid Deconstruct  Erth           ##........   56%         5    ####...
 Darkness                 Hex            ####......   58%         6    ######.
 Invisibility             Hex            ####....     58%         6    ######.
 Ozocubu's Refrigeration  Ice            ####......   58%         6    ######.
 Bolt of Cold             Conj/Ice       ###.......   69%         6    ######.
 Ring of Flames           Chrm/Fire      ####......   90%         7    #######
 Bolt of Fire             Conj/Fire      ###.......   91%         6    ######.
 Iron Shot                Conj/Erth      ###.......   91%         6    ######.
 Shadow Creatures         Summ           N/A          98%         6    ######.
 Malign Gateway           Summ/Tloc      ###.......   99%         7    #######
 Summon Hydra             Summ           ##........   100%        7    #######
 Controlled Blink         Tloc           N/A          100%        8    #######
 Discord                  Hex            ####......   100%        8    #######
 Disjunction              Tloc           ####......   100%        8    #######
 Ignition                 Fire           ##........   100%        8    #######
 Dragon's Call            Summ           ##........   100%        9    #######
 Shatter                  Erth           ##........   100%        9    #######
 Tornado                  Air            #####.....   100%        9    #######
 Passage of Golubria      Tloc           Unusable     N/A         4    N/A

Dungeon Overview and Level Annotations

Branches:
Dungeon (15/15)            Temple (1/1) D:5            Lair (6/6) D:10
 Shoals (4/4) Lair:3        Snake (4/4) Lair:2        Slime (5/5) Lair:5
    Orc (2/2) D:9             Elf (3/3) Orc:2        Vaults (5/5) D:14
  Crypt (0/3) Vaults:3     Depths (5/5) D:15            Zot (5/5) Depths:5

Altars:
Ashenzari
Cheibriados
Dithmenos
Elyvilon
Fedhas
Gozag
Hepliaklqana
Kikubaaqudgha
Makhleb
Nemelex Xobeh
Okawaru
Qazlal
Ru
Sif Muna
Trog
Uskayaw
Vehumet
Wu Jian
Xom
Yredelemnul
Zin
The Shining One
Beogh
Jiyva

Shops:
D:4 }   D:13 }   D:15 *   Orc:2 [(}(   Shoals:3 [   Snake:1 (   Vaults:4 %**[
Depths:4 :=[*

Portals:
Hell: Depths:1 Depths:2 Depths:3 Depths:4 Depths:5
Abyss: Depths:1 Depths:4 Depths:5
Pandemonium: Depths:2 Depths:3 Depths:5
Ziggurat: Depths:4

Annotations:
D:15 3 runed doors, Cykl0x's ghost, journeyman DDFi
Snake:1 2 transporters
Snake:2 3 runed doors, exclusions: 3 doors and downstairs, Suqoceb's ghost, journeyman SpEE; iVAG's ghost, adept DrCj
Elf:2 3 runed doors
Vaults:4 exclusion: downstairs
Zot:4 exclusions: shadow dragon and upstairs


Innate Abilities, Weirdness & Mutations

You can breathe waves of freezing cold.
You can buffet flying creatures when you breathe cold.
Your icy white scales are hard. (AC +13)
You cannot fit into any form of body armour.
((Your flesh is very cold resistant. (rC++)))
((You are cold-blooded and may be slowed by cold attacks.))
Your natural rate of healing is unusually fast.


Message History

Confirm with . or Enter, or press ? or * to list all spells.
Aiming: Passwall (safe; 1% risk of failure)
Press: ? - help, Dir - move target cursor A rock wall.
This square is covered in magical glow.
You begin to meditate on the wall.
You continue meditating on the rock. x2
You finish merging with the rock.
Unknown command.
There is a staircase leading out of the dungeon here.
You feel extremely strange.
You feel healthier.
You begin to heal more quickly.
You feel more resistant to cold.
A red film seems to cover your vision as you go berserk!
You feel yourself moving faster!
You feel mighty! What are your orders? t - Roar!
Anything else - Cancel.
You roar wildly!
You feel a strong urge to attack something.
You can't go down here!
You have escaped!

######.#.....#..#.#.#
#......#.#......#.#.#
#......#.###.##.#.#.####
#......#.##.....#......#
#......#.#...#########.##
######.#.#..##....[.##..#
#.#.#..#..####..##.####
######.#....#.#'.#'#.#.....#
#..........##.#.D>.#.#.#.#.#
.....#.#......#'.#'#.......#
#.##.#...≈≈≈≈..####..≈≈≈≈..#
#.##.#..≈≈≈≈≈≈......≈≈≈§≈≈.#
#.##.#..≈≈≈≈≈≈......§§§§≈≈.#
#.##.#..≈≈≈≈≈≈......≈§§§≈§.#
#.##.#...≈≈≈≈...##..§≈≈≈≈..#
#.##.#.#.......#....§.....##
..##.#.#.#######.......####


There were no monsters in sight!

Vanquished Creatures
  the Royal Jelly (Slime:5)
  5 orbs of fire (Zot:5)
  A pandemonium lord (D:4)
  4 ancient liches
  2 juggernauts (Depths:4)
  Boris (Depths:5)
  Vashnia (Snake:2)
  The ghost of Mautaliotz the Acrobat, a veteran MfGl of Ashenzari (Zot:3)
  A curse toe (Zot:5)
  2 caustic shrikes
  3 Killer Klowns
  Saint Roka (Vaults:4)
  9 golden dragons
  Nikola (Snake:2)
  The ghost of Waaph the Warrior, an adept HOFi of Okawaru (Vaults:1)
  2 Brimstone Fiends
  3 electric golems (Zot:5)
  4 tentacled monstrosities
  Rupert (D:14)
  22 Orb Guardians
  The ghost of Inap the Carver, an adept DgSk (Vaults:1)
  2 Ice Fiends (IceCv)
  3 deep elf blademasters (Elf:3)
  4 liches
  A titan (Vaults:5)
  8 quicksilver dragons
  17 acid blobs
  An Executioner (Zot:5)
  3 sphinxes
  2 deep elf master archers (Elf:3)
  6 death cobs
  A kraken (Shoals:3)
  Frances (D:13)
  3 tentacled starspawn (Abyss:3)
  8 shadow dragons
  9 storm dragons
  Kirke (D:13)
  7 tengu reavers
  Roxanne (Elf:2)
  6 draconian monks
  12 azure jellies
  3 draconian knights
  12 nagarajas
  12 fire giants
  Louise (Snake:2)
  A frost giant (shapeshifter) (Vaults:5)
  16 vault wardens
  4 deep elf sorcerers (Elf:3)
  3 draconian scorchers
  12 frost giants
  An iron dragon (Depths:5)
  A ghost moth (Zot:5)
  A balrug (Depths:2)
  An orc warlord (Orc:2)
  6 deep elf elementalists
  2 imperial myrmidons (Desolation)
  15 ironheart preservers
  3 draconian stormcallers
  3 angels (Depths:4)
  5 draconian shifters
  15 stone giants
  A war gargoyle (Vaults:5)
  7 draconian annihilators
  13 green draconians
  18 very ugly things
  A vampire knight (Depths:2)
  5 black draconians
  8 deep elf demonologists
  A lorocyproca (Depths:1)
  Azrael (D:13)
  Nessos (D:14)
  6 deep elf annihilators
  A halazid warlock (Desolation)
  13 white draconians
  10 purple draconians
  15 red draconians
  8 yellow draconians
  3 jiangshi (Depths:1)
  Snorg (Lair:3)
  7 deep elf death magi
  4 crystal guardians
  A death ooze (Slime:5)
  11 ettins
  2 merfolk impalers
  The ghost of PeterQ the Covert, a journeyman GnEn of Sif Muna (D:13)
  2 eidola (Vaults:3)
  14 yaktaur captains
  13 great orbs of eyes
  Harold (D:7)
  9 fire dragons
  10 ragged hierophants (Desolation)
  The ghost of Yfoboeto the Nimble, a journeyman FeSu of Vehumet (Snake:4)
  5 peacekeepers (Desolation)
  A spriggan air mage (Depths:4)
  6 deep elf high priests
  3 hydras
  28 vault guards
  3 servants of whispers (Desolation)
  11 ice dragons
  An alligator snapping turtle (shapeshifter) (Vaults:5)
  4 catoblepae
  3 rakshasas
  2 alligator snapping turtles
  19 naga warriors
  3 merfolk avatars
  3 satyrs (Shoals:4)
  A hell beast (Depths:3)
  A death knight (D:15)
  11 anacondas
  Erica (Lair:1)
  12 centaur warriors
  27 two-headed ogres
  6 merfolk aquamancers
  4 death yaks (Lair:6)
  10 dancing weapons
  9 ogre magi
  7 deep troll shamans
  9 tengu warriors
  17 deep troll earth magi
  2 vampire magi
  4 orc high priests
  8 shock serpents
  A sun demon (Volcano)
  4 spriggan berserkers
  12 naga sharpshooters
  2 thrashing horrors (Abyss:3)
  A soul eater (Depths:3)
  Nergalle (D:10)
  Sonja (Lair:2)
  3 iron trolls
  2 sixfirhies
  15 deep elf knights
  9 hell knights
  2 shadow wraiths
  2 wretched stars (Abyss:3)
  A salamander mystic (Snake:2)
  4 glowing orange brains
  5 skeletal warriors (D:15)
  2 unseen horrors
  23 sea snakes
  3 death drakes (Depths:5)
  A death drake (shapeshifter) (D:14)
  A deep troll (shapeshifter) (Depths:1)
  9 naga ritualists
  13 starcursed masses
  A spatial maelstrom (Abyss:3)
  44 deep trolls
  A glowing orange brain (shapeshifter) (Depths:1)
  2 obsidian statues
  5 flayed ghosts
  7 wizards
  8 ironbrand convokers
  5 lindwurms
  7 necromancers
  18 deep elf archers
  7 harpies (Shoals:3)
  20 orc knights
  3 phantasmal warriors
  57 deep elf magi
  A wolf spider zombie (D:15)
  A shining eye (Slime:1)
  18 mana vipers
  58 ugly things
  19 fauns
  7 wolf spiders
  11 orc sorcerers
  9 cyclopes
  13 manticores
  15 elephants
  9 moths of wrath
  13 salamanders
  A stone giant zombie (Depths:2)
  A frost giant skeleton (Vaults:2)
  2 rust devils
  A black mamba (shapeshifter) (Vaults:1)
  15 vault sentinels
  5 merfolk sirens
  22 naga magi
  2 smoke demons
  8 guardian serpents
  36 black mambas
  An eye of devastation (Slime:5)
  5 water nymphs
  5 orange demons
  A stone giant skeleton (Vaults:2)
  2 ice statues (IceCv)
  An orc zombie (Vaults:1)
  2 spiny frogs (shapeshifter)
  7 spiny frogs
  A molten gargoyle (Desolation)
  A spriggan zombie (Depths:2)
  4 gargoyles
  51 yaktaurs
  9 komodo dragons
  7 efreet
  13 freezing wraiths
  8 rime drakes
  A golden dragon simulacrum (Depths:3)
  2 ancient zymes (Abyss:3)
  6 hellwings
  6 red devils
  A yaktaur skeleton (Vaults:1)
  13 merfolk
  6 tengu conjurers
  3 harpy zombies (Shoals:1)
  A merfolk (shapeshifter) (Vaults:2)
  15 ice devils
  3 meliai (shapeshifter)
  A jumping spider (shapeshifter) (Elf:1)
  7 trolls
  A troll (shapeshifter) (Vaults:5)
  3 meliai (D:15)
  A shadow dragon simulacrum (Vaults:1)
  4 wind drakes
  A hornet (shapeshifter) (Vaults:1)
  A wind drake (shapeshifter) (Vaults:1)
  A tengu simulacrum (Vaults:1)
  9 hornets
  A wolf spider simulacrum (D:14)
  50 saltlings (Desolation)
  62 slime creatures
  An ettin zombie (Depths:2)
  A raiju (Abyss:1)
  7 dream sheep (Lair:6)
  20 blink frogs
  10 snapping turtles
  A raiju (shapeshifter) (Depths:5)
  A hippogriff (shapeshifter) (Depths:1)
  6 hippogriffs
  9 wraiths
  3 air elementals
  A vampire (D:10)
  A shadow (D:13)
  3 spriggans
  57 yaks
  A yak (shapeshifter) (Depths:3)
  Sigmund (D:3)
  A wyvern (shapeshifter) (D:13)
  4 wyverns
  Grum (D:10)
  3 basilisks
  4 hogs (D:13)
  16 water elementals
  3 hungry ghosts
  A fire bat (shapeshifter) (Vaults:5)
  8 fire elementals
  8 fire bats
  15 humans (D:14)
  A basilisk (shapeshifter) (D:15)
  6 large abominations
  10 wargs
  11 steam dragons (Lair:4)
  3 chaos spawn
  A neqoxec (Depths:1)
  72 nagas
  3 acid dragons
  Duvessa (D:7)
  An acid dragon (shapeshifter) (Vaults:2)
  5 hell hounds
  8 porcupines
  15 water moccasins
  A floating eye (Depths:5)
  3 ettin simulacra (Depths:3)
  A hornet zombie (D:15)
  58 orc warriors
  3 sky beasts
  3 swamp drakes (Depths:5)
  8 eyes of draining
  6 ice beasts
  A black bear (D:6)
  2 phantoms
  An elf skeleton (Vaults:2)
  41 ogres
  2 necrophages (D:10)
  5 boggarts (Vaults:1)
  A wolf (shapeshifter) (Depths:3)
  3 wolves (D:10)
  37 centaurs
  12 crocodiles
  A hippogriff zombie (Shoals:1)
  6 big kobolds
  A wyvern zombie (D:6)
  15 bullfrogs
  3 earth elementals
  A wyvern skeleton (D:8)
  Dowan (D:7)
  5 small abominations
  A water moccasin skeleton (D:8)
  3 scorpions
  16 killer bees
  2 howler monkeys
  8 electric eels
  13 crimson imps
  6 centaur zombies
  7 hounds
  5 lava snakes (Volcano)
  5 jellies
  3 bullfrog skeletons
  A quasit (Abyss:1)
  2 gnoll shamans
  25 orc priests
  An iron imp (Abyss:1)
  28 orc wizards
  2 centaur skeletons
  Jessica (D:3)
  Ijyb (D:3)
  Crazy Yiuf (D:7)
  Natasha (thrice) (D:2)
  4 iguanas
  14 worker ants
  A worker ant (shapeshifter) (Vaults:1)
  A hound skeleton (D:4)
  12 gnolls
  2 river rats (D:12)
  11 adders
  9 shadow imps
  9 white imps
  2 oozes
  7 ufetubi
  An adder zombie (D:6)
  3 adder skeletons
  4 worms
  A dart slug (D:1)
  6 leopard geckos
  118 orcs
  3 ball pythons
  8 bats
  A bat zombie (Shoals:1)
  5 giant cockroaches
  16 hobgoblins
  22 jackals
  7 quokkas
  7 frilled lizards
  7 goblins
  39 kobolds
  A quokka skeleton (D:9)
  A quokka zombie (D:5)
  8 rats
  4 fungi
  4 plants
  5 starspawn tentacles (Abyss:3)
  3 tentacles (Shoals:3)
2601 creatures vanquished.

Vanquished Creatures (collateral kills)
  A quicksilver dragon (Zot:4)
  A deep elf annihilator (Vaults:5)
  A death ooze (Slime:5)
  A death yak (Lair:6)
  5 shining eyes
  A moth of wrath (Zot:5)
  A spiny frog (Lair:6)
  2 komodo dragons (Lair:6)
  A slime creature (Slime:4)
  A hippogriff (Lair:6)
  4 yaks (Lair:6)
  A water moccasin (Lair:6)
  A crocodile (Lair:6)
21 creatures vanquished.

Vanquished Creatures (others)
  A deep elf archer (Elf:1)
  An ogre (Depths:2)
  An orc wizard (Elf:1)
  An orc priest (Elf:1)
  2 white imps (IceCv)
  3 ufetubi (IceCv)
  5 orcs (Elf:1)
  6 fungi
  A lurking horror (Abyss:1)
  72 plants
  9 starspawn tentacles (Abyss:3)
  13 tentacles (Shoals:3)
  6 withered plants (Snake:2)
121 creatures vanquished.

Grand Total: 2743 creatures vanquished

Notes
Turn   | Place    | Note
-------+----------+-------------------------------------------
     0 | D:1      | Kagerou the Draconian Monk began the quest for the Orb.
     0 | D:1      | Reached XP level 1. HP: 19/19 MP: 1/1
   225 | D:1      | Reached XP level 2. HP: 22/26 MP: 2/2
   508 | D:1      | Reached skill level 4 in Unarmed Combat
  1022 | D:1      | Reached XP level 3. HP: 31/31 MP: 3/3
  1370 | D:2      | Noticed Natasha
  1537 | D:2      | You fall through a shaft!
  2038 | D:2      | Reached skill level 5 in Unarmed Combat
  2038 | D:2      | Reached XP level 4. HP: 32/38 MP: 4/4
  2364 | D:3      | Noticed Ijyb
  2450 | D:3      | Noticed Sigmund
  2544 | D:3      | Noticed Jessica
  2558 | D:3      | Killed Jessica
  2922 | D:3      | Found a hazy altar of Hepliaklqana.
  3304 | D:4      | Found Liulet's Gadget Boutique.
  3318 | D:4      | Reached XP level 5. HP: 38/45 MP: 5/5
  3475 | D:4      | Reached skill level 6 in Unarmed Combat
  4201 | D:4      | Reached XP level 6. HP: 52/52 MP: 6/6
  4496 | D:4      | Bought a wand of iceblast (10) for 168 gold pieces
  4575 | D:2      | Killed Natasha
  4575 | D:2      | Reached skill level 4 in Fighting
  4625 | D:2      | Noticed Natasha
  4637 | D:2      | Killed Natasha
  4637 | D:2      | Reached skill level 7 in Unarmed Combat
  4790 | D:2      | Noticed Natasha
  4803 | D:2      | Killed Natasha
  5087 | D:5      | Entered Level 5 of the Dungeon
  5115 | D:5      | Learned a level 1 spell: Confusing Touch
  5440 | D:5      | Your scales start taking on an icy white colour.
  5440 | D:5      | Reached XP level 7. HP: 51/60 MP: 7/7
  5440 | D:5      | Gained mutation: Your flesh is cold resistant. (rC+) [White
                  | Draconian growth]
  6035 | D:5      | Reached skill level 5 in Fighting
  6068 | D:5      | Learned a level 1 spell: Beastly Appendage
  6071 | D:5      | Learned a level 2 spell: Sticks to Snakes
  6161 | D:5      | Reached skill level 8 in Unarmed Combat
  6259 | D:5      | Found a staircase to the Ecumenical Temple.
  6268 | Temple   | Entered the Ecumenical Temple
  7063 | D:5      | Reached skill level 9 in Unarmed Combat
  7099 | D:6      | Reached XP level 8. HP: 68/68 MP: 8/8
  7706 | D:6      | Found an ornate altar of the Wu Jian Council.
  7709 | D:6      | Found a hide-covered altar of Uskayaw.
  7709 | D:6      | Found a sacrificial altar of Ru.
  7709 | D:6      | Found a burning altar of Makhleb.
  7713 | D:6      | Became a worshipper of the Wu Jian Council
  7713 | D:6      | Reached * piety under Wu Jian
  7713 | D:6      | Reached ** piety under Wu Jian
  7771 | D:6      | Reached skill level 10 in Unarmed Combat
  7783 | D:6      | Learned a level 3 spell: Spider Form
  7854 | D:6      | Reached skill level 1 in Transmutations
  7906 | D:6      | Found an opulent altar of Gozag.
  7907 | D:6      | Found a sparkling altar of Nemelex Xobeh.
  7981 | D:6      | Reached skill level 1 in Spellcasting
  7981 | D:6      | Reached skill level 2 in Transmutations
  8045 | D:6      | Found a bloodstained altar of Trog.
  8048 | D:6      | Found a glowing silver altar of Zin.
  8128 | D:6      | Found a snail-covered altar of Cheibriados.
  8140 | D:6      | Reached skill level 11 in Unarmed Combat
  8140 | D:6      | Reached skill level 9 in Transmutations
  8140 | D:6      | Reached XP level 9. HP: 74/74 MP: 11/11
  8353 | D:6      | Reached skill level 10 in Transmutations
  8359 | D:6      | Reached skill level 2 in Spellcasting
  8366 | D:6      | Learned a level 5 spell: Blade Hands
  8801 | D:7      | Noticed Duvessa
  8844 | D:7      | Noticed Dowan
  8847 | D:7      | Killed Duvessa
  8848 | D:7      | Killed Dowan
  9193 | D:7      | Reached skill level 3 in Spellcasting
  9193 | D:7      | Reached XP level 10. HP: 81/81 MP: 12/14
  9276 | D:7      | Noticed Harold
  9290 | D:7      | Reached skill level 12 in Unarmed Combat
  9986 | D:7      | Killed Harold
 10590 | D:3      | Killed Sigmund
 10632 | D:3      | Killed Ijyb
 11130 | D:8      | Reached skill level 1 in Evocations
 11224 | D:8      | Found an ancient bone altar of Kikubaaqudgha.
 11476 | D:8      | Identified the Disquisition on the Snowflakes
 11481 | D:8      | Reached skill level 2 in Evocations
 11613 | D:8      | Noticed a two-headed ogre
 11619 | D:8      | Killed a two-headed ogre
 11619 | D:8      | Reached skill level 6 in Fighting
 11716 | D:9      | Reached *** piety under Wu Jian
 11736 | D:9      | Reached skill level 3 in Evocations
 11749 | D:9      | Found a roughly hewn altar of Beogh.
 11749 | D:9      | Found a staircase to the Orcish Mines.
 11926 | D:9      | Found a radiant altar of Vehumet.
 12635 | D:9      | Reached XP level 11. HP: 84/91 MP: 15/15
 12683 | D:9      | Reached skill level 4 in Evocations
 12746 | D:9      | Reached skill level 7 in Fighting
 12804 | D:9      | You fall through a shaft for 3 floors!
 12807 | D:12     | Noticed a deep elf mage
 12812 | D:12     | Killed a deep elf mage
 12838 | D:10     | Entered Level 10 of the Dungeon
 12843 | D:10     | Found a staircase to the Lair.
 12973 | D:9      | Found a blossoming altar of Fedhas.
 13029 | D:9      | Reached **** piety under Wu Jian
 13145 | D:9      | Learned a level 4 spell: Ice Form
 13415 | D:10     | Noticed Nergalle
 13433 | D:10     | Killed Nergalle
 13433 | D:10     | Reached skill level 5 in Evocations
 13517 | D:10     | Noticed Grum
 13526 | D:10     | Reached skill level 8 in Fighting
 13529 | D:10     | Killed Grum
 13529 | D:10     | Reached skill level 1 in Ice Magic
 13533 | D:10     | Reached skill level 2 in Ice Magic
 13768 | D:10     | Reached skill level 3 in Ice Magic
 13902 | D:10     | Found a deep blue altar of Sif Muna.
 13922 | D:10     | Identified Sif Muna's Reference Book on the Entourage
 14156 | D:10     | Found the +7 longbow "Piercer" {penet, EV-2}
 14174 | D:10     | Reached skill level 4 in Ice Magic
 14304 | Lair:1   | Entered Level 1 of the Lair of Beasts
 14377 | Lair:1   | Reached skill level 3 in Dodging
 14873 | Lair:1   | Reached ***** piety under Wu Jian
 14976 | Lair:1   | Noticed Erica
 14984 | Lair:1   | Killed Erica
 15054 | Lair:1   | Reached skill level 4 in Dodging
 15772 | D:4      | Bought a lamp of fire for 480 gold pieces
 15989 | Lair:2   | Identified a scroll of acquirement
 16181 | Lair:2   | Found a staircase to the Snake Pit.
 16202 | Lair:2   | Noticed Sonja
 16204 | Lair:2   | Killed Sonja
 16204 | Lair:2   | Reached skill level 5 in Dodging
 16549 | Lair:2   | Reached skill level 9 in Fighting
 16750 | Lair:2   | You fall through a shaft!
 16755 | Lair:3   | Reached XP level 12. HP: 104/104 MP: 11/16
 17039 | Lair:3   | Noticed Snorg
 17070 | Lair:3   | Killed Snorg
 17070 | Lair:3   | Reached skill level 13 in Unarmed Combat
 17307 | Lair:3   | Reached skill level 10 in Fighting
 17394 | Lair:3   | Noticed a six-headed hydra
 17409 | Lair:3   | Killed a six-headed hydra
 17409 | Lair:3   | Reached skill level 1 in Hexes
 17473 | Lair:3   | Reached skill level 2 in Hexes
 17687 | Lair:3   | Found a staircase to the Shoals.
 17691 | Lair:3   | Reached skill level 6 in Evocations
 18297 | Lair:4   | Found a dark tunnel.
 18304 | Volcano  | Entered a volcano
 18344 | Volcano  | Reached skill level 3 in Hexes
 18965 | Volcano  | Found a bloodstained altar of Trog.
 19143 | Lair:4   | Reached skill level 4 in Hexes
 19370 | Lair:4   | Reached skill level 7 in Evocations
 19375 | Lair:4   | Reached skill level 6 in Dodging
 19773 | Lair:4   | Reached skill level 8 in Evocations
 19954 | Lair:4   | Reached XP level 13. HP: 109/113 MP: 14/19
 19982 | Lair:4   | AnimeWaifu: this drake vault is the worst
 19982 | Lair:4   | Kagerou: Not as diesel of a character as it seems.
 19982 | Lair:4   | AnimeWaifu: wdym
 19982 | Lair:4   | Kagerou: This Dr feels very strong until it almost dies all
                  | of a sudden.
 19982 | Lair:4   | AnimeWaifu: wujian is bad god
 19994 | Lair:3   | Kagerou: Not exactly.
 20295 | Lair:4   | AnimeWaifu: feels very underpowered to me
 20384 | Lair:4   | AnimeWaifu: lunge is great the rest is whatever
 20387 | Lair:4   | Kagerou: You meant Serpent's Lash, i'm sure.
 20577 | Lair:4   | AnimeWaifu: ehhh
 20588 | Lair:4   | Reached skill level 7 in Dodging
 21132 | Lair:4   | Learned a level 1 spell: Animate Skeleton
 21134 | Lair:4   | Learned a level 1 spell: Apportation
 21194 | Lair:5   | AnimeWaifu: low tier god imo
 21209 | Lair:5   | Kagerou: Yeah, probably. We're too spoiler with busted gods
                  | like Oka.
 21497 | Lair:5   | Found a staircase to the Slime Pits.
 21497 | Lair:5   | Reached skill level 14 in Unarmed Combat
 21711 | Lair:5   | AnimeWaifu: although my only game with wujian was oneandwon
 21737 | Lair:4   | Kagerou: A felid?
 21823 | Lair:5   | AnimeWaifu: Ba
 21978 | Lair:5   | Kagerou: The madman.
 21982 | Lair:5   | Reached skill level 11 in Fighting
 22090 | Lair:6   | Entered Level 6 of the Lair of Beasts
 22511 | Lair:6   | Reached skill level 8 in Dodging
 22520 | Lair:6   | AnimeWaifu: trying to get greaterplayer & polytheist
 22992 | Lair:6   | Reached XP level 14. HP: 98/124 MP: 20/20
 23101 | Lair:6   | Reached skill level 15 in Unarmed Combat
 23154 | Lair:6   | Kagerou: I like barachi in theory.
 23154 | Lair:6   | Kagerou: But in practice i never dared to play them as
                  | anything but archers.
 23240 | Lair:6   | AnimeWaifu: idk i found boots of running and just played it
                  | like a hu
 23693 | Lair:6   | Kagerou: Roru.
 23741 | Lair:6   | Reached skill level 12 in Fighting
 24465 | D:7      | Found a runed door.
 24470 | D:7      | Noticed Crazy Yiuf
 24472 | D:7      | Killed Crazy Yiuf
 24629 | D:11     | Reached ****** piety under Wu Jian
 24629 | D:11     | Reached skill level 9 in Dodging
 24763 | D:11     | Kagerou: Wu Jian has some sick synergy with felids
                  | actually.
 25247 | D:12     | AnimeWaifu: what synergy
 25276 | D:12     | Reached skill level 16 in Unarmed Combat
 25333 | D:12     | Kagerou: Mostly Serpent's Lash enabling more backstabs.
 25333 | D:12     | Kagerou: But it works with high dps transmutations too.
 25418 | D:12     | AnimeWaifu: whats backstabs
 26253 | Orc:1    | Entered Level 1 of the Orcish Mines
 26336 | Orc:2    | Entered Level 2 of the Orcish Mines
 26336 | Orc:2    | Found a bloodstained altar of Trog.
 26490 | Orc:2    | Found a roughly hewn altar of Beogh.
 26548 | Orc:1    | Paralysed by an orc sorcerer for 7 turns
 27384 | Orc:1    | Reached XP level 15. HP: 131/134 MP: 18/21
 27685 | Orc:2    | Found a roughly hewn altar of Beogh.
 27685 | Orc:2    | Found Gocvanui's Gadget Shoppe.
 27750 | Orc:2    | Found a roughly hewn altar of Beogh.
 27777 | Orc:2    | Found a roughly hewn altar of Beogh.
 27895 | Orc:2    | Found a roughly hewn altar of Beogh.
 27935 | Orc:2    | Found a roughly hewn altar of Beogh.
 27940 | Orc:2    | Found Tuproum's Antique Weapon Emporium.
 28007 | Orc:2    | Found a staircase to the Elven Halls.
 28318 | Orc:2    | Reached skill level 13 in Fighting
 28347 | Orc:2    | Reached skill level 10 in Dodging
 28357 | Orc:2    | Noticed an orc warlord
 28630 | Orc:2    | Killed an orc warlord
 28734 | Orc:2    | Found Asyqis's Antique Armour Shop.
 28739 | Orc:2    | Found a roughly hewn altar of Beogh.
 28740 | Orc:2    | Found Jila's Antique Weapon Boutique.
 28850 | Orc:2    | Bought a sack of spiders for 300 gold pieces
 29034 | D:13     | Found Egyvi Sioma's Gadget Shop.
 29039 | D:13     | Bought a wand of acid (9) for 494 gold pieces
 29039 | D:13     | Bought a box of beasts for 380 gold pieces
 29068 | D:13     | Noticed Azrael
 29411 | D:13     | Killed Azrael
 29411 | D:13     | Reached skill level 1 in Charms
 29460 | D:13     | Noticed Kirke
 29469 | D:13     | Reached skill level 2 in Charms
 29470 | D:13     | Reached skill level 1 in Necromancy
 29478 | D:13     | Killed Kirke
 29530 | D:13     | Reached skill level 3 in Charms
 29751 | D:13     | Reached skill level 4 in Spellcasting
 29782 | D:13     | Learned a level 3 spell: Regeneration
 29868 | D:13     | Noticed Frances
 29882 | D:13     | Killed Frances
 29882 | D:13     | Reached skill level 4 in Charms
 29882 | D:13     | Reached skill level 2 in Necromancy
 30010 | D:13     | Found a runed gate.
 30011 | D:13     | Found a runed gate.
 30012 | D:13     | Found a runed gate.
 30012 | D:13     | Noticed PeterQ's ghost (journeyman GnEn)
 30141 | D:14     | Found a gate to the Vaults.
 30141 | D:14     | Noticed Nessos
 30141 | D:14     | Noticed Rupert
 30281 | D:14     | Reached skill level 5 in Charms
 30396 | D:14     | Reached skill level 5 in Spellcasting
 30410 | D:14     | Learned a level 3 spell: Mephitic Cloud
 30587 | D:14     | Reached skill level 6 in Charms
 30587 | D:14     | Reached skill level 3 in Necromancy
 30670 | D:14     | Found a sacrificial altar of Ru.
 30736 | D:14     | Killed Rupert
 30736 | D:14     | Reached skill level 7 in Charms
 30771 | D:14     | Killed Nessos
 30771 | D:14     | Reached skill level 8 in Charms
 30951 | D:14     | Reached skill level 9 in Charms
 31053 | D:14     | Reached skill level 1 in Air Magic
 31220 | D:15     | Entered Level 15 of the Dungeon
 31226 | D:15     | Reached skill level 1 in Poison Magic
 31226 | D:15     | Reached skill level 1 in Conjurations
 31315 | D:15     | Reached skill level 2 in Air Magic
 31385 | D:15     | Found a runed gate.
 31387 | D:15     | Found a runed gate.
 31387 | D:15     | Found a runed gate.
 31389 | D:15     | Noticed Cykl0x's ghost (journeyman DDFi)
 31486 | D:15     | Reached skill level 2 in Conjurations
 31486 | D:15     | Reached skill level 3 in Air Magic
 31486 | D:15     | Reached skill level 2 in Poison Magic
 31486 | D:15     | Reached XP level 16. HP: 144/144 MP: 17/23
 31558 | D:15     | Reached skill level 4 in Air Magic
 31612 | D:15     | Found a staircase to the Depths.
 31677 | D:15     | Reached skill level 5 in Air Magic
 31787 | D:15     | Reached skill level 6 in Air Magic
 32107 | D:15     | Found Yhiov's General Store.
 32119 | D:15     | Bought the ring of the Mage {Wiz MR++ Int+3} for 517 gold
                  | pieces
 32119 | D:15     | Found the ring of the Mage {Wiz MR++ Int+3}
 32241 | D:15     | Reached skill level 17 in Unarmed Combat
 32743 | D:15     | Learned a level 1 spell: Summon Butterflies
 32870 | D:13     | Killed PeterQ's ghost
 33010 | Snake:1  | Entered Level 1 of the Snake Pit
 33038 | Snake:1  | Found Laryt's Weapon Shop.
 33044 | Snake:1  | Reached skill level 6 in Spellcasting
 33052 | Snake:1  | Reached skill level 1 in Translocations
 33234 | Snake:1  | Found a transporter.
 33290 | Snake:1  | Reached skill level 2 in Translocations
 33328 | Snake:1  | Learned a level 2 spell: Blink
 33384 | Snake:1  | Reached skill level 3 in Translocations
 33406 | Snake:1  | Found a transporter.
 33598 | Snake:2  | Reached skill level 4 in Translocations
 33749 | Snake:2  | Reached skill level 5 in Translocations
 34067 | Snake:2  | Found a runed gate.
 34067 | Snake:2  | Found a runed gate.
 34068 | Snake:2  | Found a runed gate.
 34070 | Snake:2  | Noticed iVAG's ghost (adept DrCj)
 34070 | Snake:2  | Noticed Suqoceb's ghost (journeyman SpEE)
 34091 | Snake:2  | Reached skill level 6 in Translocations
 34185 | Snake:2  | Noticed Vashnia
 34301 | Snake:2  | Killed Vashnia
 34530 | Snake:2  | Reached XP level 17. HP: 121/151 MP: 20/26
 34737 | Snake:2  | Noticed Nikola
 34902 | Snake:2  | Killed Nikola
 35315 | Snake:2  | Noticed Louise
 35323 | Snake:2  | Killed Louise
 35628 | Snake:3  | Reached skill level 14 in Fighting
 35937 | Snake:3  | Reached skill level 18 in Unarmed Combat
 35946 | Snake:3  | Reached skill level 11 in Dodging
 37006 | Snake:4  | Entered Level 4 of the Snake Pit
 37673 | Snake:4  | Found a runed door.
 37673 | Snake:4  | Noticed Yfoboeto's ghost (journeyman FeSu)
 37679 | Snake:4  | Killed Yfoboeto's ghost
 38042 | Snake:4  | Reached XP level 18. HP: 151/162 MP: 25/27
 38142 | Snake:4  | Reached skill level 19 in Unarmed Combat
 38164 | Snake:4  | Reached skill level 15 in Fighting
 38317 | Snake:4  | Reached skill level 12 in Dodging
 38380 | Snake:4  | Identified Easy Wizardry (You acquired it on level 4 of the
                  | Snake Pit)
 38387 | Snake:4  | Learned a level 2 spell: Passwall
 38513 | Snake:4  | Got a serpentine rune of Zot
 38889 | D:15     | Bought a +5 ring of protection for 550 gold pieces
 39068 | Shoals:1 | Entered Level 1 of the Shoals
 39197 | Shoals:1 | Reached skill level 20 in Unarmed Combat
 39416 | Shoals:1 | Reached skill level 7 in Air Magic
 39761 | Shoals:2 | Found a frozen archway.
 39838 | IceCv    | Entered an ice cave
 39848 | IceCv    | Reached skill level 7 in Spellcasting
 39962 | IceCv    | Noticed an Ice Fiend
 39997 | IceCv    | Killed an Ice Fiend
 40001 | IceCv    | Noticed an Ice Fiend
 40012 | IceCv    | Killed an Ice Fiend
 40012 | IceCv    | Reached skill level 8 in Spellcasting
 40701 | Shoals:3 | Found Qurr's Antique Armour Shoppe.
 40714 | Shoals:3 | Bought a pair of glowing boots for 225 gold pieces
 40864 | Shoals:3 | Reached skill level 9 in Spellcasting
 40880 | Shoals:3 | Learned a level 6 spell: Deflect Missiles
 41057 | Shoals:3 | Reached skill level 10 in Charms
 41286 | Shoals:4 | Entered Level 4 of the Shoals
 41297 | Shoals:4 | Reached XP level 19. HP: 155/170 MP: 28/32
 41314 | Shoals:4 | Got a barnacled rune of Zot
 41369 | Shoals:4 | Reached skill level 8 in Air Magic
 41536 | Shoals:4 | Reached skill level 11 in Charms
 42410 | Elf:1    | Entered Level 1 of the Elven Halls
 43460 | Elf:2    | Noticed Roxanne
 43585 | Elf:2    | Found a runed gate.
 43585 | Elf:2    | Found a runed gate.
 43585 | Elf:2    | Found a runed gate.
 44179 | Elf:2    | Killed Roxanne
 44180 | Elf:2    | Identified Roxanne's Catalogue of Transmutation (You took
                  | it off Roxanne on level 2 of the Elven Halls)
 44250 | Elf:2    | Learned a level 7 spell: Dragon Form
 44386 | Elf:3    | Entered Level 3 of the Elven Halls
 44431 | Elf:3    | Reached skill level 11 in Transmutations
 44479 | Elf:3    | Noticed a Tzitzimitl
 44704 | Elf:3    | Reached skill level 12 in Transmutations
 45015 | Elf:3    | Reached XP level 20. HP: 179/179 MP: 25/33
 45100 | Elf:3    | Reached skill level 13 in Transmutations
 45189 | Elf:3    | Found the +9 staff of Olgreb {rPois}
 45198 | Elf:3    | Identified the Disquisition on Feathery Heat
 45215 | Elf:3    | Identified the Reference Book on Feathers and the Traveller
 45593 | Vaults:1 | Entered Level 1 of the Vaults
 45692 | Vaults:1 | Reached skill level 14 in Transmutations
 45905 | Vaults:1 | Found a runed gate.
 45905 | Vaults:1 | Found a runed gate.
 45905 | Vaults:1 | Found a runed gate.
 45907 | Vaults:1 | Noticed Inap's ghost (adept DgSk)
 45915 | Vaults:1 | Killed Inap's ghost
 45924 | Vaults:1 | Noticed Waaph's ghost (adept HOFi)
 45925 | Vaults:1 | Reached skill level 15 in Transmutations
 45930 | Vaults:1 | Killed Waaph's ghost
 45952 | Vaults:1 | Found a ruined gateway.
 45968 | Desolati | Entered the Desolation of Salt
 46169 | Desolati | Identified Dispater's Disquisition on the Mountains and
                  | Calling
 46197 | Desolati | Reached skill level 21 in Unarmed Combat
 46220 | Desolati | Identified Sif Muna's Papyrus of the Scorching Snowflakes
 46223 | Desolati | Identified the ring "Hetaeps" {rPois rN+ Dex+2} (You found
                  | it in the Desolation of Salt)
 46369 | Desolati | Reached skill level 16 in Fighting
 46386 | Desolati | Reached skill level 13 in Dodging
 46656 | Desolati | Identified Supomuw's Volume of Ignition
 46660 | Desolati | Got a flickering jade ring
 46839 | D:15     | Bought a scroll of identify for 20 gold pieces
 46839 | D:15     | Identified the ring "Xumuff" {rPois Int+6 Stlth+} (You
                  | found it in the Desolation of Salt)
 47026 | Vaults:1 | Reached XP level 21. HP: 188/188 MP: 22/34
 48494 | Vaults:2 | Reached skill level 22 in Unarmed Combat
 48880 | Vaults:3 | Found a staircase to the Crypt.
 48968 | Vaults:3 | Reached skill level 17 in Fighting
 49283 | Vaults:3 | Reached skill level 14 in Dodging
 49986 | Vaults:4 | Noticed Saint Roka
 49987 | Vaults:4 | Killed Saint Roka
 50068 | Vaults:4 | Found Uhevop's Armour Emporium.
 50076 | Vaults:4 | Bought a +2 cloak of poison resistance for 333 gold pieces
 50191 | Vaults:4 | Reached XP level 22. HP: 200/200 MP: 35/35
 50444 | Vaults:4 | Found Cerr's Assorted Antiques.
 50451 | Vaults:4 | Bought a scroll of magic mapping for 119 gold pieces
 50617 | Vaults:4 | Found Feh Yhis's Assorted Antiques.
 50631 | Vaults:4 | Found Osagok's Food Shop.
 50733 | Vaults:4 | Noticed an ancient lich
 50744 | Vaults:4 | Killed an ancient lich
 50758 | Vaults:4 | Reached skill level 23 in Unarmed Combat
 51215 | Depths:1 | Entered Level 1 of the Depths
 51284 | Depths:1 | Found a one-way gate to the infinite horrors of the Abyss.
 51300 | Depths:1 | Noticed a caustic shrike
 51302 | Depths:1 | Killed a caustic shrike
 51426 | Depths:1 | Reached skill level 18 in Fighting
 51711 | Depths:1 | Reached skill level 15 in Dodging
 51791 | Depths:1 | Found a gateway to Hell.
 52293 | Depths:2 | Reached XP level 23. HP: 211/211 MP: 28/36
 52415 | Depths:2 | Noticed a caustic shrike
 52419 | Depths:2 | Killed a caustic shrike
 52419 | Depths:2 | Reached skill level 24 in Unarmed Combat
 53027 | Depths:2 | Found a one-way gate leading to the halls of Pandemonium.
 53226 | Depths:3 | Reached skill level 19 in Fighting
 54018 | Depths:4 | Found Wotin's Jewellery Shoppe.
 54036 | Depths:4 | Noticed a juggernaut
 54039 | Depths:4 | Found Zin Kamy's Assorted Antiques.
 54040 | Depths:4 | Killed a juggernaut
 54055 | Depths:4 | Reached skill level 25 in Unarmed Combat
 54198 | Depths:4 | Found a flickering gateway to a bazaar.
 54214 | Bazaar   | Entered a bazaar
 54230 | Bazaar   | Found Zipnuad's General Store.
 54245 | Bazaar   | Found Daophih's Distillery.
 54245 | Bazaar   | Found Axzarem Loacs's Armour Shoppe.
 54266 | Bazaar   | Found Xyemabut's Food Emporium.
 54281 | Bazaar   | Found Beomaov's General Store.
 54344 | Bazaar   | Bought a potion of haste for 90 gold pieces
 54344 | Bazaar   | Bought a potion of cancellation for 72 gold pieces
 54344 | Bazaar   | Bought a potion of cancellation for 72 gold pieces
 54344 | Bazaar   | Bought a potion of mutation for 72 gold pieces
 54344 | Bazaar   | Bought a potion of heal wounds for 45 gold pieces
 54358 | Bazaar   | Bought a potion of heal wounds for 65 gold pieces
 54396 | Bazaar   | Bought a sack of spiders for 280 gold pieces
 54396 | Bazaar   | Bought a scroll of enchant armour for 105 gold pieces
 54396 | Bazaar   | Bought a potion of heal wounds for 70 gold pieces
 54492 | Depths:4 | Found Wazxekua's Antique Armour Shoppe.
 54756 | Depths:4 | Found a gateway to a ziggurat.
 55037 | Depths:4 | Noticed a juggernaut
 55045 | Depths:4 | Killed a juggernaut
 55045 | Depths:4 | Reached XP level 24. HP: 223/223 MP: 28/36
 55100 | Depths:4 | Found Leisymur's Book Shop.
 55289 | Depths:5 | Entered Level 5 of the Depths
 55289 | Depths:5 | Noticed Boris
 55290 | Depths:5 | Killed Boris
 55290 | Depths:5 | Reached skill level 20 in Fighting
 55465 | Depths:5 | Found a gate to the Realm of Zot.
 55520 | Depths:5 | Reached skill level 26 in Unarmed Combat
 55614 | Depths:5 | Found the -2 hat of the Alchemist {rElec rPois rF+ rC+ rN+
                  | MR+ rMut rCorr}
 56698 | Slime:1  | Entered Level 1 of the Pits of Slime
 56899 | Slime:2  | Gained mutation: Your body sometimes deteriorates upon
                  | taking damage. [a shining eye]
 57148 | Slime:5  | Entered Level 5 of the Pits of Slime
 57183 | Slime:5  | Reached skill level 21 in Fighting
 57191 | Slime:5  | Noticed the Royal Jelly
 57193 | Slime:5  | Found a viscous altar of Jiyva.
 57229 | Slime:5  | Killed the Royal Jelly
 57229 | Slime:5  | Reached XP level 25. HP: 235/235 MP: 17/36
 57360 | Slime:5  | Got a slimy rune of Zot
 57369 | Slime:5  | Identified The Lost Grimoire of the Archmage
 57378 | Slime:5  | Identified the Incunabulum of Flamy Changing
 57966 | Vaults:4 | Learned a level 4 spell: Animate Dead
 57966 | Vaults:4 | Kagerou: Sup.
 57966 | Vaults:4 | dynast: you dead yet?
 57968 | Vaults:4 | DemiseAU: this is too slow
 57977 | Vaults:5 | Entered Level 5 of the Vaults
 57979 | Vaults:5 | dynast: white dragon pogchamp
 57982 | Vaults:5 | Reached skill level 27 in Unarmed Combat
 57985 | Vaults:5 | DemiseAU: I dont think I've ever seen the tile
 57988 | Vaults:5 | DemiseAU: I usually only get purple for some reason
 57995 | Vaults:5 | dynast: purple is the cutiest imo
 57999 | Vaults:5 | Reached skill level 22 in Fighting
 58013 | Vaults:5 | dynast: im just picturing zangief right now
 58017 | Vaults:5 | dynast: spinning around with both arms open
 58033 | Vaults:5 | beem: I am beem. For help, type: !beem
 58069 | Vaults:5 | dynast: wall jump something to death plz
 58094 | Vaults:5 | DemiseAU: red is tbh the strongest
 58099 | Vaults:5 | dynast: yeah
 58100 | Vaults:5 | DemiseAU: but I feel like people never talk about it
                  | weirdly
 58108 | Vaults:5 | DemiseAU: like do they not realise you can throw the flame
                  | onto the guy with .
 58110 | Vaults:5 | dynast: ppl prefer pale
 58115 | Vaults:5 | DemiseAU: and then get free cflame
 58115 | Vaults:5 | dynast: but pale is so tedious
 58120 | Vaults:5 | Reached skill level 23 in Fighting
 58128 | Vaults:5 | DemiseAU: pale is pretty boring
 58181 | Vaults:5 | dynast: ELBOW DROP
 58182 | Vaults:5 | DemiseAU: the worst ones I'd say are white and purple
 58281 | Vaults:5 | dynast: for me grey takes the cake
 58337 | Vaults:5 | DemiseAU: as the best or worst?
 58346 | Vaults:5 | dynast: worst
 58347 | Vaults:5 | DemiseAU: oh
 58356 | Vaults:5 | DemiseAU: I dunno I think they're pretty strong
 58360 | Vaults:5 | DemiseAU: the breath weapons are kinda shit
 58369 | Vaults:5 | DemiseAU: so you can just get a ton of AC for free
 58383 | Vaults:5 | dynast: they are useful early
 58386 | Vaults:5 | DemiseAU: and be like yo whatup I got a shield and 30 ac
 58392 | Vaults:5 | dynast: "ton of ac"
 58395 | Vaults:5 | dynast: 5
 58423 | Vaults:5 | Identified the amulet "Xeny" {Faith rElec rF+} (You found
                  | it on level 5 of the Vaults)
 58424 | Vaults:5 | DemiseAU: that's on top of whatever Dr gets
 58424 | Vaults:5 | Identified the Volume of Mutagenic Bewitchment
 58427 | Vaults:5 | dynast: when you dont have gdr that doesnt do much
 58427 | Vaults:5 | Flugkiller: waddup
 58427 | Vaults:5 | DemiseAU: nah with a shield it's not that bad
 58427 | Vaults:5 | dynast: hey flug
 58428 | Vaults:5 | Flugkiller: hey dynast
 58437 | Vaults:5 | DemiseAU: I'd say that grey is third worst
 58470 | Vaults:5 | DemiseAU: but I dont know if green is actually good
 58477 | Vaults:5 | DemiseAU: I feel like it's good but it's hard to say
 58484 | Vaults:5 | dynast: green is pretty sweet
 58490 | Vaults:5 | Flugkiller: I like green breath tbh'
 58492 | Vaults:5 | DemiseAU: meph cloud is nice but you also get venom tail
                  | and also the other one for some reason
 58500 | Vaults:5 | DemiseAU: rpois
 58519 | Vaults:4 | DemiseAU: idk why you get venom tail or acid bites or
                  | whatever as dr
 58646 | Vaults:5 | DemiseAU: white gets basically nothing and their breath
                  | sucks too
 58646 | Vaults:5 | dynast: poison tail is very trivial and you only get it at
                  | xl 14 or something
 58646 | Vaults:5 | Identified the ring of Mutualism {rElec rC+ MR+ Str-3 SInv}
                  | (You took it off a deep elf elementalist on level 5 of the
                  | Vaults)
 58647 | Vaults:5 | DemiseAU: well you still get something
 58647 | Vaults:5 | DemiseAU: compared to nothing
 58647 | Vaults:5 | dynast: white gets rc, which is huge for dr, but not really
 58647 | Vaults:5 | DemiseAU: pale gets nothing and no resist
 58649 | Vaults:5 | DemiseAU: purple gets nothing as well
 58685 | Vaults:5 | dynast: purple gets mr, which is nice so your dr doesnt die
                  | to paralysis like most of mine do
 58725 | Vaults:5 | dynast: specially the grey ones
 58726 | Vaults:5 | Flugkiller: lul
 58774 | Vaults:5 | DemiseAU: yea but that's just a resist
 58803 | Vaults:5 | DemiseAU: I'm not counting those as much
 58829 | Vaults:5 | dynast: also most of my drs are mages so the extra
                  | spellcasting is kinda sweet
 58829 | Vaults:5 | DemiseAU: cus it's too hard to calculate how valuable
                  | something is when you can't control how much of it you get
                  | in the game
 58929 | Vaults:5 | Got a silver rune of Zot
 58937 | Vaults:5 | DemiseAU: well dr mage is pretty much ez street
 59026 | Vaults:5 | DemiseAU: I still dunno if black dragon is the best tho
 59026 | Vaults:5 | Reached skill level 24 in Fighting
 59031 | Vaults:5 | dynast: definitely not
 59143 | Vaults:5 | dynast: just average imo
 59282 | Vaults:5 | DemiseAU: the damage of their breath is way higher than all
                  | the other ones
 59350 | Vaults:4 | DemiseAU: and permaflight
 59372 | Vaults:3 | DemiseAU: it's at least top 3
 59402 | Vaults:3 | dynast: and its even more tedious than pale to use
 59565 | Depths:1 | DemiseAU: how do you define tedious that's the opposite of
                  | tedium
 59565 | Depths:1 | DemiseAU: you press it once and it kills things randomly
 59565 | Depths:4 | DemiseAU: and sometimes it blows up a lot
 59604 | Depths:2 | dynast: or does nothing so you kite for half an hour
 59674 | Depths:4 | Flugkiller: damn this drac is stacked
 59708 | Depths:4 | Voluntarily entered the Abyss.
 59710 | Abyss:1  | dynast: also makes a ton of noise and makes you feel like
                  | you are whorshipping qaz
 59715 | Abyss:1  | DemiseAU: that's literally all of the breath weapons except
                  | fire and maybe green tho
 59741 | Abyss:1  | dynast: so optimally you lure enemies upstairs when you
                  | want to breath on them
 59743 | Abyss:1  | DemiseAU: at least lightning high rolls for a lot
 59758 | Abyss:1  | DemiseAU: yea that still doesnt change for most of the
                  | bweapons tho
 59772 | Abyss:1  | dynast: or lure them to hallways so the breath can bounce
                  | or explode nearby
 59787 | Abyss:1  | Found a corrupted altar of Lugonu.
 59852 | Abyss:1  | dynast: pale breath you just spam it every 2 turns or so
                  | while the enemy perpetually forgets you are there because
                  | the fog blocks their vision
 59864 | Abyss:1  | DemiseAU: yea but you're a mage
 59877 | Abyss:1  | dynast: and can also throw spells through it
 59917 | Abyss:1  | DemiseAU: I guess but I more meant that you can throw your
                  | spells
 59917 | Abyss:1  | DemiseAU: and then if you're oom or whatever
 59922 | Abyss:1  | DemiseAU: just lightning breath
 59949 | Abyss:1  | DemiseAU: dr mages dont really need to use thier breath as
                  | much as melee or whatever
 59958 | Abyss:1  | DemiseAU: cus they can just use the big mp ranged stuff
 59977 | Abyss:1  | dynast: id say they use just as much
 59988 | Abyss:2  | dynast: its more a matter of whether or not you are having
                  | a good run
 60078 | Abyss:2  | DemiseAU: ive never had a dr mage run go badly enough that
                  | I've had to rely consistently on breath weapon
 60101 | Abyss:2  | DemiseAU: but I have on melee
 60109 | Abyss:2  | DemiseAU: so that's why I'm saying that
 60149 | Abyss:2  | dynast: why are we on the abyss
 60160 | Abyss:3  | DemiseAU: I dunno runescumming or something
 60164 | Abyss:3  | Found a corrupted altar of Lugonu.
 60165 | Abyss:3  | DemiseAU: this guy's a nut
 60166 | Abyss:3  | dynast: lol
 60176 | Abyss:3  | Reached skill level 4 in Necromancy
 60177 | Abyss:3  | DemiseAU: oh yea
 60178 | Abyss:3  | DemiseAU: dynast
 60180 | Abyss:3  | DemiseAU: do you want to be in the team
 60184 | Abyss:3  | DemiseAU: for this tournament
 60186 | Abyss:3  | Got an abyssal rune of Zot
 60213 | Abyss:3  | DemiseAU: I forgot if you're in a real life team
 60224 | Abyss:3  | dynast: real life team?
 60224 | Abyss:3  | DemiseAU: but I am super lazy so I'll recruit you now
 60233 | Abyss:3  | DemiseAU: like if you're in a team with actual people you
                  | normally play with
 60242 | Abyss:3  | Reached skill level 5 in Necromancy
 60242 | Abyss:3  | dynast: no
 60246 | Abyss:4  | dynast: i just join whoevers invites me first
 60252 | Abyss:4  | DemiseAU: ok well
 60254 | Abyss:4  | dynast: so i will join your team
 60260 | Abyss:4  | DemiseAU: oh that works
 60260 | Abyss:4  | Found a shimmering altar of Xom.
 60262 | Abyss:4  | Flugkiller: Pogchamp
 60262 | Abyss:4  | DemiseAU: lmao
 60266 | Abyss:4  | DemiseAU: great you can be executive vice-general associate
                  | to the quartermaster
 60266 | Abyss:4  | dynast: lol
 60267 | Abyss:4  | dynast: im playing on the jiyvajigglypuff account though,
                  | not this one
 60271 | Abyss:4  | DemiseAU: yea that's fine
 60277 | Depths:4 | Escaped the Abyss
 60278 | Depths:4 | DemiseAU: we all play on rando accounts
 60332 | Depths:5 | DemiseAU: I dont even know which acc I'm gonna pick
 60335 | Zot:1    | Entered Level 1 of the Realm of Zot
 60336 | Zot:1    | DemiseAU: I might be demiseau this time idk
 60339 | Zot:1    | dynast: too many demises
 60339 | Zot:1    | Reached XP level 26. HP: 254/254 MP: 27/36
 60341 | Zot:1    | DemiseAU: demise has an abysmal winrate
 60342 | Zot:1    | Reached skill level 6 in Necromancy
 60343 | Zot:1    | DemiseAU: I kinda want to up it
 60352 | Zot:1    | DemiseAU: but it has 100 games exact
 60357 | Zot:1    | DemiseAU: so I also dont want to play on it
 60369 | Zot:2    | DemiseAU: it also has the cbro vulnerability so u g h
 60377 | Zot:2    | DemiseAU: wtf
 60382 | Zot:2    | DemiseAU: why are these death kobs
 60392 | Zot:2    | Flugkiller: what version is this
 60392 | Zot:2    | DemiseAU: not the new shit tiles
 60400 | Zot:3    | DemiseAU: what sorcery is this
 60403 | Zot:3    | dynast: i missed it
 60414 | Zot:3    | DemiseAU: it was old DC tiles
 60420 | Zot:3    | DemiseAU: not the new ones
 60446 | Zot:3    | DemiseAU: oh yea dynast so
 60447 | Zot:3    | DemiseAU: how have the streams been
 60447 | Zot:3    | dynast: lol
 60452 | Zot:3    | DemiseAU: I havent been on when you're on
 60461 | Zot:3    | DemiseAU: how's twitch and stuff
 60462 | Zot:3    | dynast: tfw trying to passwall and wall jumps instead
 60498 | Zot:3    | dynast: im loving it, im getting used to speaking english
 60501 | Zot:3    | dynast: i just have to get a better mic now
 60529 | Zot:4    | DemiseAU: oh what do you normally speak
 60529 | Zot:4    | DemiseAU: elvish?
 60533 | Zot:4    | dynast: portuguese br
 60539 | Zot:4    | DemiseAU: ohhh
 60542 | Zot:4    | DemiseAU: SEE
 60545 | Zot:4    | Reached skill level 25 in Fighting
 60547 | Zot:4    | DemiseAU: THE COB WAS OLD
 60555 | Zot:4    | DemiseAU: did you see it
 60558 | Zot:4    | dynast: omg the cute death cobs
 60566 | Zot:4    | DemiseAU: the new ones are shiet
 60569 | Zot:4    | DemiseAU: anyway
 60573 | Zot:4    | DemiseAU: yea so if you want to join in on the recordings
                  | you're more than welcome to
 60587 | Zot:4    | dynast: wait
 60591 | Zot:4    | dynast: hows that gonna work
 60596 | Zot:4    | DemiseAU: as per teh usual I actually prioritise people who
                  | record for the team
 60597 | Zot:4    | DemiseAU: what do you mean
 60613 | Zot:4    | dynast: "join in on the recordings"
 60618 | Zot:4    | dynast: explain it
 60621 | Zot:4    | DemiseAU: we usually just get in a discord call if we're
                  | all playing
 60633 | Zot:4    | dynast: ohhh
 60641 | Zot:4    | DemiseAU: and then talk randomly
 60645 | Zot:4    | dynast: that sounds great
 60653 | Zot:4    | DemiseAU: have yous een my tournament footage before?
 60660 | Zot:4    | DemiseAU: I've been doing it since 0.17
 60712 | Zot:4    | DemiseAU: err
 60717 | Zot:4    | DemiseAU: maybe not actually I forgot when I did it
 60719 | Zot:4    | dynast: no, only watched the videos of you talking about
                  | the tourney leaderboard
 60727 | Zot:4    | dynast: no definitely not
 60748 | Zot:4    | DemiseAU: so like
 60754 | Zot:4    | dynast: i only recently started following your channel
 60758 | Zot:4    | DemiseAU: you can actually go back
 60775 | Zot:4    | DemiseAU: and watch me and ultra meeting for the first time
 60778 | Zot:4    | DemiseAU: in a call
 60787 | Zot:4    | dynast: hahah
 60788 | Zot:5    | Entered Level 5 of the Realm of Zot
 60789 | Zot:5    | DemiseAU: or talking to each other without text
 60790 | Zot:5    | DemiseAU: but you'd never be able to tell
 60804 | Zot:5    | dynast: i have to watch that
 60805 | Zot:5    | DemiseAU: because we instantly just start riffing and doing
                  | whatever
 60936 | Zot:5    | Noticed an ancient lich
 60937 | Zot:5    | dynast: what is the team composition so far?
 60945 | Zot:5    | Reached skill level 26 in Fighting
 60963 | Zot:5    | Killed an ancient lich
 61005 | Zot:5    | DemiseAU: uhhh
 61073 | Zot:5    | DemiseAU: usually I'm there
 61075 | Zot:5    | DemiseAU: ultra's there
 61076 | Zot:5    | Noticed an ancient lich
 61077 | Zot:5    | DemiseAU: manman's sometimes there
 61078 | Zot:5    | Noticed an ancient lich
 61080 | Zot:5    | Killed an ancient lich
 61080 | Zot:5    | Killed an ancient lich
 61081 | Zot:5    | Noticed an orb of fire
 61087 | Zot:5    | Killed an orb of fire
 61090 | Zot:5    | DemiseAU: uhhhh
 61094 | Zot:5    | DemiseAU: I forget who else is there hang on
 61095 | Zot:5    | dynast: sounds good to me
 61109 | Zot:5    | DemiseAU: oh yea normally me and ultra and manman are core
 61119 | Zot:5    | DemiseAU: and then we fill with randoms
 61132 | Zot:5    | DemiseAU: I'm trying to get a consistent team going
 61168 | Zot:5    | DemiseAU: but very few people actually like
 61260 | Zot:5    | DemiseAU: play enough to catch up to even me, who at this
                  | point is the least invested in the team
 61262 | Zot:5    | Reached skill level 27 in Fighting
 61262 | Zot:5    | DemiseAU: with like 15 wins or whatever
 61446 | Zot:5    | Noticed an orb of fire
 61449 | Zot:5    | Killed an orb of fire
 61456 | Zot:5    | Flugkiller: If you get enough people that wanna play in the
                  | serious teams to fill 2 of them, will you just put the best
                  | of them in one team or will you spread it out?
 61457 | Zot:5    | Reached XP level 27. HP: 273/273 MP: 29/36
 61458 | Zot:5    | Noticed an orb of fire
 61459 | Zot:5    | DemiseAU: hmm
 61461 | Zot:5    | DemiseAU: I will respect player preference
 61465 | Zot:5    | Killed an orb of fire
 61468 | Zot:5    | Noticed an orb of fire
 61470 | Zot:5    | Flugkiller: I see
 61471 | Zot:5    | DemiseAU: but otherwise I will be stacking teams
 61473 | Zot:5    | Killed an orb of fire
 61473 | Zot:5    | Reached skill level 10 in Spellcasting
 61478 | Zot:5    | DemiseAU: if they're serious about competition
 61481 | Zot:5    | DemiseAU: but I dont just like
 61483 | Zot:5    | DemiseAU: look at winrate and stuff
 61494 | Zot:5    | dynast: that klown doesnt have a club and havent turned
                  | anything into a juggernaut yet
 61501 | Zot:5    | dynast: also you are not marked 10 times over
 61503 | Zot:5    | Flugkiller: Yep, this is stable
 61517 | Zot:5    | Reached skill level 16 in Dodging
 61518 | Zot:5    | Reached skill level 11 in Spellcasting
 61518 | Zot:5    | DemiseAU: I consider combo variety, streaks, potential (as
                  | in what they could do) and how many times they've played
                  | intournament
 61520 | Zot:5    | Noticed an orb of fire
 61521 | Zot:5    | Killed an orb of fire
 61522 | Zot:5    | Flugkiller: yea makes sense
 61535 | Zot:5    | DemiseAU: so for example you flug
 61539 | Zot:5    | Reached skill level 17 in Dodging
 61542 | Zot:5    | DemiseAU: you had 11 wins at 4.04% winrate in the
                  | tournament
 61553 | Zot:5    | DemiseAU: which means a) you played a lot and b) there's a
                  | lot of room for you to improve even on these good results
 61566 | Zot:5    | DemiseAU: you also did a wide variety of games and also
                  | did 15 runes, making you a very valuable asset to a team
 61569 | Zot:5    | DemiseAU: I'd 100% put you on the stacked team
 61625 | Zot:5    | Flugkiller: Thank you for the compliment
 61759 | Zot:5    | Got the Orb of Zot
 61766 | Zot:5    | DemiseAU: no you deserve it
 61773 | Zot:5    | Flugkiller: I don't want to flex but I'm pretty sure I have
                  | improved a lot since then
 61778 | Zot:5    | DemiseAU: people really don't see how hard it is
 61791 | Zot:5    | DemiseAU: to play in a oturnament and get results
 61812 | Zot:4    | DemiseAU: like they always apply to the taem A or whatever
                  | it used to be called
 61843 | Zot:3    | DemiseAU: and then they'll ghost me after dying 10 times in
                  | a row
 61848 | Zot:3    | Found a runed door.
 61848 | Zot:3    | Noticed Mautaliotz's ghost (veteran MfGl)
 61852 | Zot:3    | Killed Mautaliotz's ghost
 61852 | Zot:3    | Reached skill level 18 in Dodging
 61877 | Zot:1    | DemiseAU: kagerou btw
 61879 | Depths:5 | DemiseAU: if you want in team A
 61879 | Depths:5 | DemiseAU: open spot for you
 61879 | Depths:5 | Kagerou: Thanks but i'm a busy man.
 61886 | Depths:5 | DemiseAU: that's fine
 61916 | Depths:3 | DemiseAU: if dynast stays as a core member
 61948 | Depths:2 | DemiseAU: we will still have 2 flex spots every tournament
 61992 | Depths:1 | DemiseAU: so I always offer them to people first
 62084 | D:13     | DemiseAU: I'd say the minimum for the top team is maybe
                  | like
 62084 | D:12     | DemiseAU: 10 wins?
 62084 | D:13     | DemiseAU: I dunno what's reasonable
 62137 | D:10     | DemiseAU: but if you can do that eveyr tournament basically
                  | you're core for sure
 62142 | D:10     | DemiseAU: if you want it*
 62179 | D:8      | Noticed Joidgh the pandemonium lord
 62188 | D:8      | dynast: i cant promise things
 62237 | D:6      | dynast: i want to be a core member but, you know how things
                  | are
 62248 | D:6      | dynast: at the end of the last tourney i said that was my
                  | last tourney
 62249 | D:6      | DemiseAU: yea ofc
 62252 | D:5      | dynast: and now im hyped for the next one
 62266 | D:5      | DemiseAU: even I can't guarantee that I'm all in
 62277 | D:5      | DemiseAU: I haven't all-in'd a tournament since 0.18
 62297 | D:4      | Noticed Sepruthe the pandemonium lord
 62299 | D:4      | Killed Sepruthe the pandemonium lord
 62300 | D:4      | DemiseAU: but I put in the work cus I like my team and how
                  | much effort I put into making it
 62338 | D:2      | DemiseAU: lmao how was your performance in .22
 62381 | D:1      | DemiseAU: o you came fifth
 62385 | D:1      | DemiseAU: very nice
 62385 | D:1      | dynast: pretty good until i died on the musu because i
                  | wanted to fight ijyb on his castle
 62385 | D:1      | Lost mutation: Your body sometimes deteriorates upon taking
                  | damage. [potion of mutation]
 62385 | D:1      | Gained mutation: Your natural rate of healing is unusually
                  | fast. [potion of mutation]
 62385 | D:1      | Gained mutation: Your flesh is very cold resistant. (rC++)
                  | [potion of mutation]
 62386 | D:1      | DemiseAU: ggs kag
 62388 | D:1      | DemiseAU: oh yea that's right
 62388 | D:1      | dynast: gggggggggggggggggggggggg
 62388 | D:1      | Flugkiller: gg
 62388 | D:1      | DemiseAU: you and like
 62389 | D:$      | Escaped with the Orb!

Skill      XL: |  1  2  3  4  5  6  7  8  9 10 11 12 13 14 15 16 17 18 19 20 21 22 23 24 25 26 27 |
---------------+----------------------------------------------------------------------------------+-----
Unarmed Combat | 4 5 6 7 9 11 12 13 14 16 17 18 20 21 22 23 25 26 27 | 27.0
Fighting       | 4 5 6 9 10 11 12 13 14 15 16 17 18 19 21 24 27 | 27.0
Transmutations | 9 10 12 15 | 15.2
Spellcasting   | 1 3 5 6 9 11 | 11.0
Evocations     | 3 5 8 |  8.0
Ice Magic      | 4 |  4.0
Dodging        | 5 6 8 9 10 11 12 13 14 15 18 | 18.4
Hexes          | 4 |  4.0
Charms         | 9 10 11 | 11.1
Necromancy     | 3 5 6 |  6.0
Air Magic      | 3 6 7 8 |  8.4
Poison Magic   | 2 |  2.4
Conjurations   | 2 |  2.4
Translocations | 6 |  6.0
Stealth        | |  1.7

Action                   |  1- 3 |  4- 6 |  7- 9 | 10-12 | 13-15 | 16-18 | 19-21 | 22-24 | 25-27 || total
-------------------------+-------+-------+-------+-------+-------+-------+-------+-------+-------++-------
Melee: Unarmed           |   135 |   190 |   166 |   582 |  1180 |  1220 |  1293 |   948 |   696 ||  6410
       Tailslap          |    18 |    23 |    22 |    63 |   149 |   151 |   136 |   139 |   113 ||   814
       Punch             |     4 |     4 |     3 |    20 |    85 |    87 |   114 |    98 |    74 ||   489
       Kick              |       |       |     8 |       |       |       |       |       |       ||     8
       Headbutt          |       |       |     2 |       |       |       |       |       |       ||     2
       Hunting sling     |       |       |     1 |       |       |       |       |       |       ||     1
       Bite              |       |       |       |       |       |       |    89 |   105 |   107 ||   301
 Fire: Hunting sling     |       |       |    42 |       |       |       |       |       |       ||    42
       Longbow           |       |       |       |       |    23 |       |       |       |       ||    23
       Blowgun           |       |       |       |       |     4 |       |       |       |       ||     4
Throw: Stone             |    23 |    62 |     1 |       |       |       |       |       |       ||    86
 Cast: Beastly Appendage |       |       |     8 |       |       |       |       |       |       ||     8
       Blade Hands       |       |       |     5 |    66 |   118 |   116 |    46 |       |       ||   351
       Spider Form       |       |       |     1 |     2 |       |       |       |       |       ||     3
       Sticks to Snakes  |       |       |       |     5 |       |       |       |    26 |     5 ||    36
       Ice Form          |       |       |       |     8 |     3 |     1 |       |       |       ||    12
       Confusing Touch   |       |       |       |     5 |    13 |     1 |       |       |       ||    19
       Animate Skeleton  |       |       |       |       |    20 |       |       |       |       ||    20
       Regeneration      |       |       |       |       |     5 |    74 |    24 |    37 |    36 ||   176
       Mephitic Cloud    |       |       |       |       |       |     1 |       |       |       ||     1
       Deflect Missiles  |       |       |       |       |       |     1 |    13 |     6 |    12 ||    32
       Passwall          |       |       |       |       |       |     1 |     5 |       |    15 ||    21
       Dragon Form       |       |       |       |       |       |       |    43 |    50 |    35 ||   128
       Blink             |       |       |       |       |       |       |     3 |     2 |       ||     5
       Apportation       |       |       |       |       |       |       |     3 |     3 |    23 ||    29
       Animate Dead      |       |       |       |       |       |       |       |       |     7 ||     7
Invok: Lunge             |       |       |    11 |    82 |   156 |   151 |   186 |   154 |   109 ||   849
       Wall Jump         |       |       |     2 |    49 |    67 |    58 |    32 |    29 |    31 ||   268
       Whirlwind         |       |       |       |    46 |   287 |   289 |   401 |   231 |   271 ||  1525
       Serpent's Lash    |       |       |       |     6 |    24 |    28 |    11 |    12 |    18 ||    99
       Heavenly Storm    |       |       |       |       |       |     1 |     1 |       |     3 ||     5
 Abil: Breathe Frost     |       |       |    25 |    24 |    12 |     9 |    21 |    31 |     6 ||   128
       End Transformatio |       |       |       |     1 |     5 |     1 |     7 |     1 |     4 ||    19
       Wall Jump         |       |       |       |       |       |       |     1 |       |       ||     1
Evoke: Wand              |       |       |       |     8 |     9 |    20 |     3 |     2 |     6 ||    48
       Lamp of fire      |       |       |       |       |       |     5 |       |       |       ||     5
  Use: Scroll            |     2 |     4 |     7 |    12 |    13 |    10 |    14 |     4 |     7 ||    73
       Potion            |       |     4 |     1 |     2 |     1 |     1 |       |     1 |     7 ||    17
 Stab: Sleeping          |     3 |     1 |     1 |     9 |     6 |     5 |     8 |     7 |     2 ||    42
       Confused          |       |       |       |     4 |    11 |     1 |       |     1 |       ||    17
       Distracted        |       |       |       |     1 |     3 |     2 |     3 |     1 |     4 ||    14
       Paralysed         |       |       |       |       |     1 |     3 |       |       |     2 ||     6
  Eat: Chunk             |     4 |     3 |    16 |    46 |    63 |    37 |    68 |    48 |    24 ||   309
       Ration            |       |     2 |     1 |     6 |     8 |    12 |     3 |     4 |     7 ||    43
Armor: Skin              |    30 |    37 |    38 |    79 |   102 |   174 |   194 |   156 |   100 ||   910
Dodge: Dodged            |    75 |    77 |    74 |   197 |   560 |   570 |   324 |   247 |   171 ||  2295
       Deflected         |       |       |       |       |       |     2 |    88 |    65 |    47 ||   202
Block: Shield            |       |    20 |       |       |       |       |       |       |       ||    20
